 Dungeon Crawl Stone Soup version 0.26-a0-1132-ge9770dfcb6 (webtiles) character file.

Game seed: 8286856056989724309

135 hehateme the Carver (level 5, -7/43 HPs)
             Began as a Gnoll Wanderer on Dec 19, 2020.
             Killed from afar by an orc wizard (9 damage)
             ... with a puff of flame
             ... on level 3 of the Dungeon.
             The game lasted 00:04:43 (2553 turns).

hehateme the Carver (Gnoll Wanderer)                Turns: 2553, Time: 00:04:44

Health: -7/43      AC:  3    Str: 15    XL:     5   Next: 18%
Magic:  7/7        EV: 12    Int: 13    God:
Gold:   101        SH:  0    Dex: 16    Spells: 6/6 levels left

rFire    . . .     SeeInvis .   a - +2 falchion
rCold    . . .     Faith    .   (no shield)
rNeg     . . .     Spirit   .   d - +0 robe
rPois    .         Reflect  .   (no helmet)
rElec    .         Harm     .   (no cloak)
rCorr    .         Rampage  .   (no gloves)
Will     .....                  g - +0 pair of boots
Stlth    ++........             (no amulet)
HPRegen  0.14/turn              (no ring)
MPRegen  0.10/turn              (no ring)

@: no status effects
A: distributed training, fangs 1, strong nose
a: no special abilities


You were on level 3 of the Dungeon.
You visited 1 branch of the dungeon, and saw 3 of its levels.

You collected 101 gold pieces.

Inventory:

Hand Weapons
 a - a +2 falchion (weapon)
Missiles
 j - 137 stones (quivered)
 q - 54 sling bullets
 r - 26 arrows
 v - 8 poisoned darts
 Q - 40 bolts
Armour
 d - a +0 robe (worn)
 g - a +0 pair of boots (worn)
 x - a +0 cloak
Jewellery
 n - an uncursed amulet of reflection {unknown}
Scrolls
 b - 5 scrolls of remove curse {unknown}
 e - 3 scrolls of blinking {unknown}
 f - a scroll of magic mapping {unknown}
 h - 2 scrolls of fear {unknown}
 i - 5 scrolls of identify {unknown}
 o - 4 scrolls of amnesia {unknown}
 t - 2 scrolls of teleportation
 w - a scroll of immolation {unknown}
Potions
 c - a potion of lignification {!q}
 k - a potion of brilliance {unknown}
 l - a potion of curing {unknown}
 m - a potion of attraction {unknown}
 p - a potion of mutation {unknown}
 s - a potion of heal wounds {unknown}
 u - a potion of degeneration {unknown}


   Skills:
 + Level 4.7 Fighting
 + Level 1.4 Short Blades
 + Level 8.6 Long Blades
 + Level 1.4 Axes
 + Level 1.4 Maces & Flails
 + Level 1.4 Polearms
 + Level 1.4 Staves
 + Level 1.4 Slings
 + Level 4.7 Bows
 + Level 1.4 Crossbows
 + Level 1.4 Throwing
 + Level 1.4 Armour
 + Level 1.4 Dodging
 + Level 1.4 Stealth
 + Level 1.4 Shields
 + Level 1.4 Unarmed Combat
 + Level 1.4 Spellcasting
 + Level 1.1 Conjurations
 + Level 1.1 Hexes
 + Level 1.1 Summonings
 + Level 1.1 Necromancy
 + Level 1.1 Translocations
 + Level 1.1 Transmutations
 + Level 1.1 Fire Magic
 + Level 1.1 Ice Magic
 + Level 1.1 Air Magic
 + Level 1.1 Earth Magic
 + Level 1.1 Poison Magic
 + Level 1.5 Invocations
 + Level 4.7 Evocations


You had 6 spell levels left.
You didn't know any spells.
Your spell library contained the following spells:

 Spells                   Type           Power        Failure   Level
 Animate Skeleton         Necr           6%           17%         1
 Apportation              Tloc           6%           17%         1
 Corona                   Hex            3%           17%         1
 Summon Small Mammal      Summ           12%          17%         1


Dungeon Overview and Level Annotations

Branches:
Dungeon (3/15)

Altars:


Innate Abilities, Weirdness & Mutations

Your experience applies equally to all skills.
You have very sharp teeth.
Your uncanny sense of smell can sniff out nearby items.


Message History

GAME OVER YEAH!!
You closely miss the orc wizard. The orc wizard barely misses you.
You hit the orc wizard.
The orc wizard hits you with a +0 dagger.
* * * LOW HITPOINT WARNING * * *
The orc wizard hits you with a +0 dagger.
* * * LOW HITPOINT WARNING * * *
You take 2 damage, and have 12/43 hp.
You barely miss the orc wizard. The orc wizard barely misses you.
You hit the orc wizard.
The orc wizard hits you with a +0 dagger.
* * * LOW HITPOINT WARNING * * *
You take 1 damage, and have 11/43 hp.
You hit the orc wizard but do no damage.
The orc wizard casts a spell at you. The puff of flame hits you!
* * * LOW HITPOINT WARNING * * *
The orc wizard gestures at you while chanting.
The puff of flame hits you!
You die...

.....†....#...#.................
..#####.#...#...#.#........# ..#
####.#..#...#........###### ..#
########.#.#.##.>.....#..... ..#
.......####..##.#.....#..... ...
..........####..#........... ..
∆ ....(..og...........#.#.....
####..o####o##......#.#.....
#... #@##........###### ∆ #o#l
#.###..###### #..o #......# # g.
#####.## ... #<# ... #.# #....#
####.# #

Skill      XL: |  1  2  3  4 |
---------------+-------------+-----
Invocations    | 1 |  1.5
Short Blades   | 1 |  1.4
Axes           | 1 |  1.4
Maces & Flails | 1 |  1.4
Polearms       | 1 |  1.4
Staves         | 1 |  1.4
Slings         | 1 |  1.4
Crossbows      | 1 |  1.4
Throwing       | 1 |  1.4
Armour         | 1 |  1.4
Dodging        | 1 |  1.4
Stealth        | 1 |  1.4
Shields        | 1 |  1.4
Unarmed Combat | 1 |  1.4
Spellcasting   | 1 |  1.4
Conjurations   | 1 |  1.1
Hexes          | 1 |  1.1
Summonings     | 1 |  1.1
Necromancy     | 1 |  1.1
Translocations | 1 |  1.1
Transmutations | 1 |  1.1
Fire Magic     | 1 |  1.1
Ice Magic      | 1 |  1.1
Air Magic      | 1 |  1.1
Earth Magic    | 1 |  1.1
Poison Magic   | 1 |  1.1
Fighting       | |  4.7
Long Blades    | |  8.6
Bows           | |  4.7
Evocations     | |  4.7

Notes
Turn   | Place    | Note
-------+----------+-------------------------------------------
     0 | D:1      | hehateme the Gnoll Wanderer began the quest for the Orb.
     0 | D:1      | hehateme set off with the following items: a +2 falchion, a
                  | potion of lignification {!q}, a +0 robe, a scroll of
                  | teleportation
     0 | D:1      | Reached XP level 1. HP: 20/20 MP: 1/1
   298 | D:1      | Reached XP level 2. HP: 25/26 MP: 2/2
   490 | D:1      | Reached XP level 3. HP: 26/31 MP: 3/3
   690 | D:1      | Reached skill level 1 in Invocations
  1387 | D:2      | Reached skill level 1 in Short Blades
  1387 | D:2      | Reached skill level 1 in Axes
  1387 | D:2      | Reached skill level 1 in Maces & Flails
  1387 | D:2      | Reached skill level 1 in Polearms
  1387 | D:2      | Reached skill level 1 in Staves
  1387 | D:2      | Reached skill level 1 in Slings
  1387 | D:2      | Reached skill level 1 in Crossbows
  1387 | D:2      | Reached skill level 1 in Throwing
  1387 | D:2      | Reached skill level 1 in Armour
  1387 | D:2      | Reached skill level 1 in Dodging
  1387 | D:2      | Reached skill level 1 in Stealth
  1387 | D:2      | Reached skill level 1 in Shields
  1387 | D:2      | Reached skill level 1 in Unarmed Combat
  1387 | D:2      | Reached skill level 1 in Spellcasting
  1442 | D:2      | Reached XP level 4. HP: 38/38 MP: 5/5
  2210 | D:3      | Reached skill level 1 in Conjurations
  2210 | D:3      | Reached skill level 1 in Hexes
  2210 | D:3      | Reached skill level 1 in Summonings
  2210 | D:3      | Reached skill level 1 in Necromancy
  2210 | D:3      | Reached skill level 1 in Translocations
  2210 | D:3      | Reached skill level 1 in Transmutations
  2210 | D:3      | Reached skill level 1 in Fire Magic
  2210 | D:3      | Reached skill level 1 in Ice Magic
  2210 | D:3      | Reached skill level 1 in Air Magic
  2210 | D:3      | Reached skill level 1 in Earth Magic
  2210 | D:3      | Reached skill level 1 in Poison Magic
  2389 | D:3      | Reached XP level 5. HP: 31/43 MP: 5/7
  2553 | D:3      | HP: 2/43 [orc wizard/puff of flame (9)]
  2553 | D:3      | Killed from afar by an orc wizard

Table legend: (Time is in decaauts)
 A = Elapsed time spent in this place.
 B = Non-inter-level travel time spent in this place.
 C = Inter-level travel time spent in this place.
 D = Time resting spent in this place.
 E = Time spent auto-exploring this place.
 F = Levels seen in this place.
 G = Mean time per level.
                   A        B        C        D        E       F      G
               +--------+--------+--------+--------+--------+-----+--------+
         Total |   2547 |   2470 |     77 |     88 |   2008 |   3 |  849.0 |
       Dungeon |   2547 |   2470 |     77 |     88 |   2008 |   3 |  849.0 |
               +--------+--------+--------+--------+--------+-----+--------+

Top non-repeatable levels by time:
     D:2: 1090 daAuts
     D:1: 1067 daAuts
     D:3: 389 daAuts

Table legend:
 A = Kills in this place as a percentage of kills in entire the game.
 B = Kills by you in this place as a percentage of kills by you in the entire game.
 C = Kills by friends in this place as a percentage of kills by friends in the entire game.
 D = Other kills in this place as a percentage of other kills in the entire game.
 E = Experience gained in this place as a percentage of experience gained in the entire game.
 F = Experience gained in this place divided by the number of levels of this place that you have seen.
                   A       B       C       D       E      F
               +-------+-------+-------+-------+-------+----------------------
         Total | 100.0 | 100.0 |   N/A |   N/A | 100.0 |  64.7
       Dungeon | 100.0 | 100.0 |   N/A |   N/A | 100.0 |  64.7
               +-------+-------+-------+-------+-------+----------------------

Action                   |  1- 3 |  4- 6 || total
-------------------------+-------+-------++-------
Melee: Falchion          |    70 |    58 ||   128
       Bite              |     7 |     8 ||    15
Throw: Stone             |    82 |    63 ||   145
 Stab: Distracted        |       |     1 ||     1
Armor: Robe              |    18 |     6 ||    24
Dodge: Dodged            |    34 |    18 ||    52
       Rpst.: Falchion   |    13 |     5 ||    18

Vanquished Creatures
  A centaur skeleton (D:3)
  2 adders (D:2)
  4 oozes
  2 worms (D:2)
  2 dart slugs
  3 orcs (D:3)
  7 giant cockroaches
  9 goblins
  6 hobgoblins
  A ball python (D:3)
  7 bats
  6 frilled lizards
  9 kobolds
  3 rats
62 creatures vanquished.

Vanquished Creatures (others)
  9 plants (D:2)
9 creatures vanquished.

Grand Total: 71 creatures vanquished You could see an orc wizard (fast).

Levels and vault maps discovered:
D:1:      giann_horns, layout_loops_ring, st_stairs_1,
          chequers_serial_rivers_room_b, chequers_mini_garden,
          minmay_split_cup_small
D:2:      layout_loops_ring, serial_forest, infiniplex_forest_side_room,
          infiniplex_forest_lined_3, infiniplex_forest_clump_C,
          infiniplex_forest_join, infiniplex_forest_clump_long,
          infiniplex_forest_corner_2
D:3:      minmay_spotlight, layout_loops_cross, minmay_misc_feat_encased,
          uniq_terence, uniq_crazy_yiuf_cottage
